 Dungeon Sprint DCSS version 0.19-a0-1490-g5dd3618 (webtiles) character file.

167 Neosonic97 the Purveyor of Pain (level 5, -7/39 HPs)
             Began as a Draconian Necromancer on Sept 9, 2016.
             Was an Initiate of Kikubaaqudgha.
             Mangled by a merfolk
             ... wielding a +0 trident
              (20 damage)
             ... in the Dungeon (Sprint V: "Ziggurat Sprint").
             The game lasted 00:03:12 (309 turns).

Neosonic97 the Purveyor of Pain (DrNe)               Turns: 309, Time: 00:03:14

Health: -7/39      AC:  5    Str: 17    XL:     5   Next: 23%
Magic:  13/13      EV: 21    Int: 27    God:    Kikubaaqudgha [......]
Gold:   0          SH:  0    Dex: 16    Spells: 2 memorised, 13 levels left

rFire  . . .     SeeInvis .     H - +9 sword of Zonguldrok {reap}
rCold  . . .     Gourm    .     (armour unavailable)
rNeg   . . .     Faith    .     (no shield)
rPois  .         Spirit   .     (helmet restricted)
rElec  .         Dismiss  .     (no cloak)
rCorr  .         Reflect  .     (no gloves)
MR     .....     Harm     .     (no boots)
Stlth  +++....... NoTele   +    (no amulet)
                                D - +6 ring of intelligence
                                C - +6 ring of intelligence

@: mighty, agile
A: unfitting armour, cold-blooded, AC +5
a: Renounce Religion


You were in the Dungeon.
You worshipped Kikubaaqudgha.
Kikubaaqudgha was noncommittal.
You were not hungry.

You visited 1 branch

Inventory:

Hand Weapons
 H - the +9 sword of Zonguldrok (weapon) {reap}
   (You found it in the Dungeon)

   If a monster killed with it leaves a corpse in good enough shape, the corpse
   will be animated as a zombie friendly to the killer.
Jewellery
 A - a +6 ring of dexterity
 B - a +6 ring of dexterity
 C - a +6 ring of intelligence (left hand)
 D - a +6 ring of intelligence (right hand)
 E - a +6 ring of strength
 F - a +6 ring of strength
Wands
 u - a wand of disintegration (7/24)
 x - a wand of iceblast (5/15)
 y - a wand of lightning (5/15)
 z - a wand of acid (5/15)
Scrolls
 h - 4 scrolls of blinking
 k - 4 scrolls of amnesia
 l - 3 scrolls of recharging
 m - 7 scrolls of fog
 n - a scroll of holy word
 o - 5 scrolls of identify
 p - 5 scrolls of remove curse
 q - 2 scrolls of fear
Potions
 c - 10 potions of curing
 d - 8 potions of heal wounds
 e - 6 potions of haste
 f - 7 potions of magic
 g - 2 potions of berserk rage
 r - 2 potions of brilliance
 s - 2 potions of invisibility
 t - 4 potions of resistance
 v - 4 potions of agility
 w - 4 potions of might
Books
 a - a book of Necromancy

   Spells                             Type                      Level
   a - Pain                           Necromancy                   1
   b - Animate Skeleton               Necromancy                   1
   c - Vampiric Draining              Necromancy                   3
   d - Regeneration                   Charms/Necromancy            3
   e - Animate Dead                   Necromancy                   4
   f - Control Undead                 Necromancy                   4
Miscellaneous
 G - a crystal ball of energy
 I - a sack of spiders
Comestibles
 b - 5 bread rations
 i - 42 fruits
 j - 4 meat rations


   Skills:
 + Level 0.9 Fighting
 + Level 0.2 Long Blades
 * Level 5.5 Dodging
 - Level 1.7 Stealth
 * Level 5.5 Spellcasting
 + Level 9.2 Necromancy


You had 13 spell levels left.
You knew the following spells:

 Your Spells              Type           Power        Failure   Level  Hunger
a - Pain                  Necr           ####         1%          1    None
b - Animate Skeleton      Necr           N/A          1%          1    None


Dungeon Overview and Level Annotations

Branches:
Dungeon (1/1)

Altars:
Ashenzari
Cheibriados
Dithmenos
Elyvilon
Fedhas
Gozag
Hepliaklqana
Kikubaaqudgha
Makhleb
Nemelex Xobeh
Okawaru
Qazlal
Ru
Sif Muna
Trog
Uskayaw
Vehumet
Xom
Yredelemnul
Zin
The Shining One
Beogh
Jiyva
Lugonu


Innate Abilities, Weirdness & Mutations

Your plain brown scales are hard. (AC +5)
Your body does not fit into most forms of armour.
You are cold-blooded and may be slowed by cold attacks.


Message History

The merfolk throws a throwing net.
The throwing net closely misses you.
Found four items.
Things that are here:
2 throwing nets; a tomahawk You feel much better.
The merfolk throws a tomahawk.
The tomahawk closely misses you.
You feel very mighty all of a sudden.
The merfolk hits you from afar with a trident!
The merfolk barely misses you.
You feel agile all of a sudden.
The merfolk hits you from afar with a trident!!
* * * LOW HITPOINT WARNING * * *
The merfolk barely misses you. x2
You feel much better.
The merfolk hits you from afar with a trident!!
Ouch! That really hurt!
The merfolk hits you from afar with a trident!!
Ouch! That really hurt!
You die...
Kikubaaqudgha rasps: "You have failed me!
Welcome... death!"

▓▓▓▓▓▓▓▓▓▓▓▓▓
▓.8©8.▓.8©8.▓
▓.}[=.▓.....▓
▓.....▓.)...▓
▓mmm..▓.))..▓
▓.....▓.....▓
▓.@...▓..(..▓
▓..(..▓▓▓▓▓▓▓
▓▓▓▓▓▓▓


You could see 3 merfolk.

Vanquished Creatures
  2 centaurs (D)
2 creatures vanquished.

Notes
Turn   | Place    | Note
-------+----------+-------------------------------------------
     0 | D        | Neosonic97 the Draconian Necromancer began the quest for the Orb.
     0 | D        | Reached XP level 1. HP: 14/14 MP: 3/3
     0 | D        | Found a deep blue altar of Sif Muna.
     0 | D        | Found a bloodstained altar of Trog.
     0 | D        | Found a sacrificial altar of Ru.
     0 | D        | Found a stormy altar of Qazlal.
     0 | D        | Found an iron altar of Okawaru.
    36 | D        | Found a blossoming altar of Fedhas.
    37 | D        | Found an opulent altar of Gozag.
    37 | D        | Found a hazy altar of Hepliaklqana.
    37 | D        | Found a viscous altar of Jiyva.
    39 | D        | Found an ancient bone altar of Kikubaaqudgha.
    41 | D        | Found a corrupted altar of Lugonu.
    43 | D        | Found a burning altar of Makhleb.
    44 | D        | Found a sparkling altar of Nemelex Xobeh.
    47 | D        | Became a worshipper of Kikubaaqudgha
    59 | D        | Reached skill level 5 in Necromancy
    59 | D        | Reached XP level 2. HP: 20/20 MP: 4/7
   105 | D        | Learned a level 1 spell: Animate Skeleton
   105 | D        | Entered arena 1.
   105 | D        | Noticed a centaur
   105 | D        | Noticed a centaur
   109 | D        | Killed a centaur
   109 | D        | Reached skill level 5 in Dodging
   109 | D        | Reached skill level 5 in Spellcasting
   109 | D        | Reached skill level 7 in Necromancy
   109 | D        | Reached XP level 3. HP: 12/26 MP: 7/9
   109 | D        | Reached XP level 4. HP: 15/33 MP: 8/11
   110 | D        | Killed a centaur
   110 | D        | Reached skill level 9 in Necromancy
   110 | D        | Reached XP level 5. HP: 17/39 MP: 9/13
   304 | D        | Entered arena 2.
   304 | D        | Noticed a merfolk
   304 | D        | Noticed a merfolk
   304 | D        | Noticed a merfolk
   309 | D        | Mangled by a merfolk

Vault maps used:
D:        sprint_v

Skill      XL: |  1  2  3  4 |
---------------+-------------+-----
Dodging        | 4 5 |  5.5
Spellcasting   | 4 5 |  5.5
Necromancy     | 5 7 9 |  9.2
Fighting       | |  0.9
Long Blades    | |  0.2
Stealth        | |  1.7

Action                   |  1- 3 |  4- 6 || total
-------------------------+-------+-------++-------
Melee: Double sword      |     5 |     1 ||     6
       Tailslap          |     2 |       ||     2
  Use: Potion            |     2 |     4 ||     6
Armor: Skin              |     1 |       ||     1
Dodge: Dodged            |     7 |     6 ||    13
